 Dungeon Crawl Stone Soup version bcrawl-1.13.2 (webtiles) character file.

Game seed: 5534390812773090631

7840 Chiseanne the Slicer (level 11, -3/74 HPs)
             Began as a Demonspawn Archaeologist on Aug 12, 2019.
             Was an Initiate of Gozag.
             Splashed by a brown ugly thing's acid (7 damage)
             ... on level 10 of the Dungeon.
             The game lasted 00:28:31 (10057 turns).

Chiseanne the Slicer (Demonspawn Archaeologist)    Turns: 10057, Time: 00:28:32

Health: -3/74      AC:  1    Str: 11    XL:     11   Next: 2%
Magic:  0/21       EV: 17    Int: 16    God:    Gozag
Gold:   565        SH:  0    Dex: 15    Spells: 15/24 levels left

rFire    + . .     SeeInvis .   a - +7 Spriggan's Knife {stab, EV+4 Stlth+}
rCold    . . .     Gourm    .   (no shield)
rNeg     . . .     Faith    .   v - +2 ring mail {rF+}
rPois    .         Spirit   +   K - +0 helmet
rElec    .         Reflect  .   C - +0 cloak
rCorr    .         Harm     .   (no gloves)
MR       .....                  N - +2 pair of boots {Stlth++}
Stlth    ++++++....             B - amulet of regeneration (curse)
HPRegen  0.62/turn              A - +4 ring of slaying
MPRegen  0.17/turn              e - +1 ring of slaying

@: corroded
A: claws 1, slimy green scales 2, magic shield
a: Potion Petition, Call Merchant, Bribe Branch, Renounce Religion


You were on level 10 of the Dungeon.
You worshipped Gozag.
Gozag was pleased with you.
You were full.

You visited 2 branches of the dungeon, and saw 11 of its levels.

You collected 1177 gold pieces.
You spent 477 gold pieces at shops.
You paid 135 gold pieces to Gozag.

Inventory:

Hand Weapons
 a - the +7 Spriggan's Knife (weapon) {stab, EV+4 Stlth+}

   It affects your evasion (+4).
   It makes you more stealthy.
 d - a +4 quarterstaff of chaos
 s - a +2 dagger of venom
Missiles
 k - 3153 stones (quivered)
 m - 2 throwing nets {!f}
 n - 813 sling bullets
 p - 823 arrows
 t - 507 bolts
 D - 49 tomahawks
 E - 339 poisoned needles
 L - 66 exploding tomahawks
Armour
 v - a +2 ring mail of fire resistance (worn)
 C - a +0 cloak (worn)
 K - a +0 helmet (worn)
 M - the +3 ring mail "Daocoruul" {rC+ Str+2}
   (You bought it in a shop on level 8 of the Dungeon)

   It affects your strength (+2).
   It protects you from cold.
 N - a +2 pair of boots of stealth (worn)
Magical Staves
 y - an uncursed staff of power
Jewellery
 e - a +1 ring of slaying (right claw)
 u - an uncursed ring of resist corrosion
 A - a +4 ring of slaying (left claw)
 B - a cursed amulet of regeneration (around neck)
 G - an uncursed ring of poison resistance
 I - an uncursed ring of magical power
 Q - a cursed ring of attention {unknown}
Wands
 x - a wand of flame (1)
 P - a wand of random effects (6)
Scrolls
 c - 2 scrolls of amnesia
 j - 3 scrolls of fog
 l - 9 scrolls of teleportation
 q - 3 scrolls of immolation
 F - 2 scrolls of remove curse
 R - a scroll of identify
Potions
 b - 3 potions of brilliance
 f - 4 potions of heal wounds
 h - a potion of ambrosia
 i - a potion of resistance {unknown}
 o - a potion of magic {unknown}
 r - 6 potions of flight
 w - a potion of berserk rage
 z - a potion of haste
 H - 2 potions of mutation
 J - a potion of curing {unknown}
 O - a potion of might {unknown}
 S - a potion of agility {unknown}
Comestibles
 g - 19 rations {!d}


   Skills:
 - Level 2.7 Fighting
 * Level 9.9 Short Blades
   Level 0.8 Maces & Flails
 * Level 5.8 Armour
 - Level 5.1 Dodging
 * Level 8.6 Stealth
 * Level 7.2 Spellcasting


You had 15 spell levels left.
You knew the following spells:

 Your Spells              Type           Power        Failure   Level  Hunger
a - Apportation           Tloc           #.....       26%         1    None
b - Summon Butterflies    Summ           #.......     26%         1    None
c - Passwall              Tmut/Erth      #.......     36%         2    None
d - Shackle               Hex            #.......     36%         2    None
e - False Image           Hex/Summ       #.......     61%         3    ##.....

Your spell library contained the following spells:

 Spells                   Type           Power        Failure   Level  Hunger
 Corona                   Hex            #......      26%         1    None
 Infusion                 Chrm           #.......     26%         1    None
 Sandblast                Erth           #.....       26%         1    None
 Slow                     Hex            #.......     26%         1    None
 Summon Small Mammal      Summ           #...         26%         1    None
 Call Imp                 Summ           #.......     36%         2    None
 Call Canine Familiar     Summ           #.......     61%         3    ##.....
 Inner Flame              Hex/Fire       N/A          61%         3    ##.....
 Stone Arrow              Conj/Erth      #.....       61%         3    ##.....
 Cause Fear               Hex            #.........   95%         4    ####...
 Petrify                  Tmut/Erth      #.......     95%         4    ####...
 Summon Ice Beast         Ice/Summ       #.......     95%         4    ####...
 Yara's Violent Unravell  Hex/Tmut       #.........   95%         4    ####...
 Lee's Rapid Deconstruct  Erth           #.........   100%        5    #####..
 Summon Lightning Spire   Summ/Air       #.......     100%        5    #####..


Dungeon Overview and Level Annotations

Branches:
Dungeon (10/12)            Temple (1/1) D:6            Lair (0/6) D:8
    Orc (0/1) D:9

Altars:
Ashenzari
Cheibriados
Dithmenos
Elyvilon
Fedhas
Gozag
Hepliaklqana
Kikubaaqudgha
Makhleb
Nemelex Xobeh
Okawaru
Qazlal
Ru
Sif Muna
Trog
Uskayaw
Vehumet
Wu Jian
Xom
Zin
The Shining One

Shops:
D:7 !   D:8 [   D:9 [

Annotations:
D:7 exclusions: oklob plant and two-headed ogre
D:10 2 transporters, brkfrs's ghost, journeyman FrWz


Innate Abilities, Weirdness & Mutations

You have sharp fingernails.
You are mostly covered in slimy green scales. (AC +3)
When hurt, damage is shared between your health and your magic reserves.


Message History

The brown ugly thing is almost dead.
The brown ugly thing tail-slaps you!
* * * LOW HITPOINT WARNING * * *
The acid corrodes you!
You are splashed with acid!
* * * LOW HITPOINT WARNING * * *
You hit the brown ugly thing but do no damage.
The brown ugly thing is almost dead.
You hit the brown ugly thing.
The brown ugly thing is almost dead.
The brown ugly thing tail-slaps you.
* * * LOW HITPOINT WARNING * * *
You are splashed with acid!
* * * LOW HITPOINT WARNING * * *
You hit the brown ugly thing.
The brown ugly thing is almost dead.
The brown ugly thing tail-slaps you.
* * * LOW HITPOINT WARNING * * *
You are splashed with acid!
You die...
Your body crumbles into a pile of gold.

...........#.......
............##...##
..........)...##...
........###.....##.
........###.......#
...................
......#.###........
#.............#+##
#.####@######.# #u#
.# #.# .#
######+### #.#
.........# #......#
.........##.
#......#
...........
#......# .........#
#......# .........#
#......+


You could see a brown ugly thing.

Vanquished Creatures
  A fire dragon (D:10)
  A deep elf mage (D:9)
  A troll (D:8)
  A hornet (D:7)
  11 yaks
  2 hungry ghosts (D:6)
  Menkaure (D:6)
  4 black bears
  2 phantoms
  2 sky beasts
  7 orc warriors
  2 ice beasts
  3 ogres
  3 wolves (D:8)
  2 centaurs
  A crocodile (D:10)
  4 bullfrogs
  A scorpion (D:6)
  3 wights (D:6)
  3 electric eels (D:8)
  2 crimson imps
  A howler monkey (D:3)
  7 jellies
  A gnoll shaman (D:6)
  A centaur skeleton (D:5)
  4 orc priests
  9 hounds
  7 orc wizards
  3 iguanas
  5 worker ants
  A hound zombie (D:5)
  Robin (D:2)
  12 adders
  A howler monkey skeleton (D:5)
  2 shadow imps
  15 oozes
  An adder skeleton (D:8)
  2 adder zombies
  3 worms
  17 dart slugs
  5 leopard geckos
  32 orcs
  4 giant cockroaches
  18 goblins
  2 hobgoblins (D:2)
  3 jackals
  5 quokkas
  4 bats
  3 frilled lizards
  A jackal skeleton (D:4)
  3 kobolds
  7 rats
237 creatures vanquished.

Vanquished Creatures (others)
  3 fungi (D:7)
3 creatures vanquished.

Grand Total: 240 creatures vanquished

Notes
Turn   | Place    | Note
-------+----------+-------------------------------------------
     0 | D:1      | Chiseanne the Demonspawn Archaeologist began the quest for
                  | the Orb.
     0 | D:1      | Reached XP level 1. HP: 15/15 MP: 1/1
   206 | D:1      | Gained mutation: You are partially covered in slimy green
                  | scales. (AC +2) [demonic ancestry]
   206 | D:1      | Reached XP level 2. HP: 21/22 MP: 2/2
   660 | D:2      | Found an ornate altar of the Wu Jian Council.
   701 | D:2      | Noticed Robin
   702 | D:2      | Gained mutation: You have sharp fingernails. [demonic
                  | ancestry]
   702 | D:2      | Reached XP level 3. HP: 28/28 MP: 3/3
   736 | D:2      | Reached skill level 1 in Short Blades
   737 | D:2      | Killed Robin
   740 | D:2      | Reached skill level 2 in Short Blades
  1529 | D:3      | Reached skill level 3 in Short Blades
  1529 | D:3      | Reached XP level 4. HP: 34/34 MP: 4/4
  1756 | D:3      | Reached skill level 4 in Short Blades
  1808 | D:3      | Gained mutation: When hurt, damage is shared between your
                  | health and your magic reserves. [demonic ancestry]
  1808 | D:3      | Reached XP level 5. HP: 25/39 MP: 5/5
  1865 | D:3      | Reached skill level 5 in Short Blades
  2274 | D:3      | Found a snail-covered altar of Cheibriados.
  2878 | D:4      | Reached skill level 6 in Short Blades
  3024 | D:4      | Found a stormy altar of Qazlal.
  3027 | D:4      | Noticed a fire elemental
  3027 | D:4      | Noticed an air elemental
  3027 | D:4      | Noticed a water elemental
  3071 | D:4      | Reached XP level 6. HP: 32/46 MP: 3/6
  3253 | D:4      | Found a sparkling altar of Nemelex Xobeh.
  3371 | D:4      | Found a bloodstained altar of Trog.
  3795 | D:4      | Found an iron altar of Okawaru.
  3868 | D:5      | Entered Level 5 of the Dungeon
  3880 | D:5      | Found a radiant altar of Vehumet.
  4134 | D:5      | Reached skill level 1 in Spellcasting
  4286 | D:5      | Reached XP level 7. HP: 48/51 MP: 7/9
  4615 | D:5      | Found a blossoming altar of Fedhas.
  4673 | D:5      | Found a glowing silver altar of Zin.
  4709 | D:5      | Found a burning altar of Makhleb.
  4815 | D:5      | Reached skill level 7 in Short Blades
  4992 | D:6      | Noticed a hungry ghost
  5010 | D:6      | Killed a hungry ghost
  5066 | D:6      | Reached XP level 8. HP: 57/57 MP: 10/12
  5136 | D:6      | Noticed Menkaure
  5541 | D:6      | Killed Menkaure
  5541 | D:6      | Reached skill level 5 in Stealth
  5738 | D:6      | Found a staircase to the Ecumenical Temple.
  5872 | D:6      | Reached skill level 5 in Dodging
  5883 | D:6      | Reached skill level 8 in Short Blades
  6161 | D:6      | Found a runed door.
  6238 | D:6      | Noticed Sigmund
  6239 | D:6      | Noticed Sigmund
  6239 | D:6      | Sigmund changed into Sigmund the worm
  6247 | D:6      | Killed Sigmund the worm
  6251 | D:6      | Reached skill level 1 in Armour
  6297 | D:6      | Noticed Crazy Yiuf
  6300 | D:6      | Noticed Crazy Yiuf
  6300 | D:6      | Crazy Yiuf changed into Crazy Yiuf the adder
  6303 | D:6      | Killed Crazy Yiuf the adder
  6339 | D:7      | Found a hide-covered altar of Uskayaw.
  6339 | D:7      | Noticed a +0 hand axe
  6339 | D:7      | Noticed a -3 hand axe
  6345 | D:7      | Noticed a hornet
  6423 | D:7      | Reached XP level 9. HP: 31/62 MP: 4/15
  6740 | D:7      | Found a deep blue altar of Sif Muna.
  6796 | D:7      | Found a sparkling altar of Nemelex Xobeh.
  7013 | D:7      | Found Maaqus's Distillery.
  7034 | D:7      | Bought a potion of degeneration for 15 gold pieces
  7062 | D:7      | Noticed a two-headed ogre
  7206 | Temple   | Entered the Ecumenical Temple
  7283 | Temple   | Became a worshipper of Gozag Ym Sagoz the Greedy
  7597 | D:7      | Noticed an oklob plant
  7642 | D:7      | Reached skill level 5 in Spellcasting
  8348 | D:8      | Noticed a troll
  8508 | D:8      | Reached skill level 9 in Short Blades
  8508 | D:8      | Reached XP level 10. HP: 68/68 MP: 18/18
  8520 | D:8      | Found a staircase to the Lair.
  8705 | D:8      | Found Yrrimn's Antique Armour Boutique.
  8710 | D:8      | Bought a heavily runed ring mail for 252 gold pieces
  8710 | D:8      | Bought a pair of runed boots for 210 gold pieces
  8711 | D:8      | Identified the +3 ring mail "Daocoruul" {rC+ Str+2} (You
                  | bought it in a shop on level 8 of the Dungeon)
  8793 | D:8      | Found a bloodstained altar of Trog.
  9252 | D:9      | Reached skill level 5 in Armour
  9339 | D:9      | Found an ancient bone altar of Kikubaaqudgha.
  9386 | D:9      | Found a staircase to the Orcish Mines.
  9521 | D:9      | Noticed a deep elf mage
  9527 | D:9      | Killed a deep elf mage
  9541 | D:9      | Found Jokkit's Antique Armour Boutique.
  9553 | D:9      | Noticed a two-headed ogre
  9569 | D:10     | Entered Level 10 of the Dungeon
  9589 | D:10     | Learned a level 1 spell: Apportation
  9591 | D:10     | Learned a level 1 spell: Summon Butterflies
  9594 | D:10     | Learned a level 2 spell: Passwall
  9597 | D:10     | Learned a level 2 spell: Shackle
  9601 | D:10     | Learned a level 3 spell: False Image
  9615 | D:10     | Found a transporter.
  9615 | D:10     | Found a transporter.
  9618 | D:10     | Noticed brkfrs's ghost (journeyman FrWz)
  9855 | D:10     | Noticed a fire dragon
  9892 | D:10     | Killed a fire dragon
  9892 | D:10     | Gained mutation: You are mostly covered in slimy green
                  | scales. (AC +3) [demonic ancestry]
  9892 | D:10     | Reached XP level 11. HP: 25/74 MP: 2/21
 10017 | D:10     | Noticed a brown ugly thing
 10057 | D:10     | Splashed by a brown ugly thing's acid

Skill      XL: |  1  2  3  4  5  6  7  8  9 10 |
---------------+-------------------------------+-----
Fighting       | 2 |  2.7
Short Blades   | 3 4 6 7 8 9 |  9.9
Dodging        | 3 4 5 |  5.1
Spellcasting   | 1 2 4 5 7 |  7.2
Stealth        | 4 5 7 8 |  8.6
Armour         | 1 3 5 |  5.8
Maces & Flails | |  0.8

Action                   |  1- 3 |  4- 6 |  7- 9 | 10-12 || total
-------------------------+-------+-------+-------+-------++-------
Melee: Hand axe          |   132 |   230 |       |       ||   362
       Whip              |    13 |       |       |       ||    13
       Quarterstaff      |       |     5 |    58 |       ||    63
       Knife             |       |    86 |   418 |   217 ||   721
       Dagger            |       |       |     8 |       ||     8
Evoke: Wand              |       |       |    30 |     6 ||    36
  Use: Scroll            |       |     8 |     9 |     4 ||    21
       Potion            |       |     1 |     2 |     3 ||     6
 Stab: Sleeping          |     2 |       |     5 |    15 ||    22
       Petrified         |       |       |     2 |       ||     2
  Eat: Ration            |     1 |     1 |     2 |     2 ||     6
       Chunk             |       |     6 |    15 |       ||    21
Armor: Robe              |    17 |       |       |       ||    17
       Chain mail        |    74 |   256 |    97 |       ||   427
       Ring mail         |       |       |    60 |    20 ||    80
Dodge: Dodged            |    52 |   113 |   207 |    86 ||   458
